[Event "Team 45 45 League T36"]
[Site "Internet Chess Club"]
[Date "2008.03.02"]
[Round "6"]
[White "QueensCounselor"]
[Black "Razorbackchess"]
[Result "1-0"]
[WhiteElo "1770"]
[BlackElo "1748"]
[Opening "King's Indian: Sämisch, Panno main line"]
[ECO "E84"]
[Time "08:09:18"]
[TimeControl "2700+45"]

1. d4 Nf6 2. c4 g6 3. Nc3 Bg7 4. e4 d6 5. f3 O-O 6. Be3 Nc6 7. Bc1 Nb8 8. Be3
Nc6 9. Nge2 a6 10. Qd2 Rb8 11. h4 h5 12. O-O-O b5 13. Bh6 Bxh6 14. Qxh6 e5 15.
dxe5 Nxe5 16. cxb5 axb5 17. Nf4 b4 18. Ncd5 Nxd5 19. Rxd5 Qf6 20. Nxh5 Qh8 21.
Qxh8+ Kxh8 22. Nf4 Kg7 23. Be2 f5 24. g3 fxe4 25. fxe4 Re8 26. Rb5 Rxb5 27. Bxb5
c6 28. Be2 Ng4 29. Bxg4 Bxg4 30. Re1 Bf3 31. Nd3 c5 32. e5 dxe5 33. Rxe5 Rxe5
34. Nxe5 Kf6 35. Nxf3 {Black resigns} 1-0

[Event "Team 45 45 League T36"]
[Site "Internet Chess Club"]
[Date "2008.02.29"]
[Round "6"]
[White "pishd"]
[Black "Steinwitz"]
[Result "1/2-1/2"]
[WhiteElo "1760"]
[BlackElo "1810"]
[Opening "Queen's pawn, Mason variation"]
[ECO "D00"]
[Time "07:03:14"]
[TimeControl "2700+45"]

1. d4 d5 2. Bf4 e6 3. e3 Nf6 4. Nd2 c5 5. c3 Nc6 6. Bd3 Qb6 7. Rb1 Bd7 8. Ngf3
Be7 9. h3 O-O 10. Ne5 Rac8 11. O-O Be8 12. Kh1 Nd7 13. Nxd7 Bxd7 14. Qh5 g6 15.
Qf3 Rfe8 16. Qg3 Bf8 17. Nf3 Bg7 18. h4 Qd8 19. h5 b6 20. hxg6 fxg6 21. Kh2 Qe7
22. Bd6 Qf6 23. Ne5 Nxe5 24. dxe5 Qf7 25. Ba6 Rc6 26. f4 Bf8 27. Bxf8 Rxf8 28.
Bd3 Rcc8 29. Rh1 Rcd8 30. Kg1 d4 31. cxd4 cxd4 32. Rh4 dxe3 33. Qxe3 Qe7 34. Rh3
Qb4 35. Be4 Rc8 36. Rf3 Bc6 37. Bxc6 Rxc6 38. a3 Qc5 39. Qxc5 Rxc5 40. Rbf1 Rc2
41. R1f2 Rfc8 42. Rxc2 Rxc2 43. Rf2 Rc5 44. Re2 Kf7 45. Kf2 Ke7 46. g3 Kf7 47.
Kf3 Kg7 48. Rd2 Rc7 49. Rd6 Kf7 50. Kg4 h6 51. b4 Ke7 52. Rd3 Kf7 53. Rd8 Kg7
54. Re8 Kf7 55. Rh8 Kg7 56. Rd8 Kf7 57. Rd3 Ke7 58. Kf3 Kf7 59. Ke3 Ke7 60. Kd2
Kf7 61. Rd8 Kg7 62. Kd3 Kf7 63. Rd6 {Game drawn by mutual agreement} 1/2-1/2

[Event "Team 45 45 League T36"]
[Site "Internet Chess Club"]
[Date "2008.03.04"]
[Round "6"]
[White "burnsja2003"]
[Black "jacknor"]
[Result "1-0"]
[WhiteElo "1762"]
[BlackElo "1660"]
[Opening "QGD: Chigorin defense"]
[ECO "D07"]
[Time "19:04:30"]
[TimeControl "2700+45"]

1. d4 d5 2. c4 Nc6 3. e3 Nf6 4. Nc3 Bg4 5. Qb3 b6 6. cxd5 Na5 7. Bb5+ Bd7 8. Qa4
Bxb5 9. Qxb5+ Qd7 10. Qxd7+ Nxd7 11. Nb5 Kd8 12. Nf3 Nb7 13. Bd2 Nd6 14. Nxd6
cxd6 15. O-O Nf6 16. Ng5 Ke8 17. Rac1 Nxd5 18. Rc6 Nf6 19. Rfc1 h6 20. Nf3 e6
21. Rc8+ Rxc8 22. Rxc8+ Kd7 23. Ra8 a5 24. Ra7+ Kc6 25. Rxf7 Rg8 26. Nh4 Ne4 27.
Be1 g5 28. Nf3 Rh8 29. Nd2 Nxd2 30. Bxd2 d5 31. Rf6 Kd6 32. a4 Be7 33. Rf7 Rf8
34. Rh7 Rf6 35. b4 Bd8 36. bxa5 bxa5 37. Ra7 Kc6 38. Bxa5 Bxa5 39. Rxa5 Kb6 40.
Rb5+ Ka6 41. f3 Rf7 42. Kf2 Rb7 43. Rxb7 Kxb7 44. Kg3 h5 45. h4 gxh4+ 46. Kxh4
Ka6 47. Kxh5 {Black resigns} 1-0

[Event "Team 45 45 League T36"]
[Site "Internet Chess Club"]
[Date "2008.02.29"]
[Round "6"]
[White "Fegary"]
[Black "Vitruvian"]
[Result "1-0"]
[WhiteElo "2017"]
[BlackElo "1813"]
[Opening "Alekhine's defense: Scandinavian variation"]
[ECO "A00"]
[Time "09:20:27"]
[TimeControl "2700+45"]

1. Nc3 d5 2. e4 Nf6 3. exd5 Nxd5 4. Bc4 Nb6 5. Bb3 Bf5 6. Qf3 Qc8 7. Nge2 e6 8.
d4 Be7 9. h4 h6 10. Bf4 c5 11. dxc5 Bxc5 12. O-O-O a5 13. Na4 Nxa4 14. Bxa4+ Nc6
15. Qc3 Bf8 16. Nd4 Be4 17. Nb5 Bb4 18. Qxg7 Rh7 19. Qf6 Be7 20. Nd6+ Bxd6 21.
Bxd6 Qd8 22. Qf4 f5 23. Rhe1 b5 24. Bxb5 Qb6 25. Rxe4 Qxb5 26. Rxe6+ Kf7 27.
Rxh6 Rg7 28. Rh5 {Black resigns} 1-0

[Event "Team 45 45 League T36"]
[Site "Internet Chess Club"]
[Date "2008.02.29"]
[Round "6"]
[White "superbeast"]
[Black "qs16"]
[Result "1-0"]
[WhiteElo "1779"]
[BlackElo "1809"]
[Opening "English, 1...Nf6 (Anglo-Indian defense)"]
[ECO "D33"]
[Time "16:30:32"]
[TimeControl "2700+45"]

1. c4 Nf6 2. g3 c5 3. Bg2 Nc6 4. Nc3 e6 5. Nf3 d5 6. cxd5 exd5 7. d4 cxd4 8.
Nxd4 Be7 9. O-O O-O 10. Bf4 a6 11. Rc1 Be6 12. Na4 Qa5 13. Rxc6 Rac8 14. Rxe6
fxe6 15. Nxe6 Rfe8 16. Nc3 Kh8 17. Nxd5 Nxd5 18. Qxd5 Rc5 {Black resigns} 1-0

[Event "Team 45 45 League T36"]
[Site "Internet Chess Club"]
[Date "2008.03.02"]
[Round "6"]
[White "Mater"]
[Black "hondocando"]
[Result "0-1"]
[WhiteElo "1649"]
[BlackElo "1631"]
[Opening "QGD: classical variation (5.Bf4)"]
[ECO "D37"]
[Time "21:38:33"]
[TimeControl "2700+45"]

1. d4 e6 2. c4 d5 3. Nc3 Nf6 4. Nf3 Be7 5. Bf4 Nh5 6. Be5 Bd6 7. cxd5 Bxe5 8.
Nxe5 exd5 9. e3 Nf6 10. Be2 Be6 11. O-O Nbd7 12. Nxd7 Qxd7 13. Rc1 c6 14. Na4 b6
15. Qc2 Rc8 16. Ba6 Rc7 17. b4 Bf5 18. Bd3 Bxd3 19. Qxd3 c5 20. Qa3 c4 21. Nc3
b5 22. Qa6 Rb7 23. a4 bxa4 24. Nxa4 Qb5 25. Nc5 Qxa6 26. Nxa6 Rb6 27. b5 Ke7 28.
Rb1 Ne4 29. Rfc1 Nd2 30. Rb4 f5 31. Nc7 Kd6 32. Na6 g5 33. Rc2 Ne4 34. f3 Nf6
35. Kf2 h5 36. Ra2 g4 37. Nc5 Rh7 38. e4 fxe4 39. fxe4 Nxe4+ 40. Nxe4+ dxe4 41.
Rxc4 Rxb5 42. Rca4 Kd5 43. Ke3 Rb3+ 44. Kf4 Rf7+ 45. Kg5 e3 46. Ra5+ Kxd4 47.
R2a4+ Kd3 48. Rd5+ Kc2 49. Re4 Rf2 50. Kxh5 Rxg2 51. Rde5 Kd2 52. Rd5+ Rd3 53.
Ra5 e2 54. Ra2+ Ke1 55. Rxa7 Rd1 56. Kh4 Kf1 57. Rf4+ Rf2 58. Rxf2+ Kxf2 59.
Rf7+ Kg2 {White resigns} 0-1

[Event "Team 45 45 League T36"]
[Site "Internet Chess Club"]
[Date "2008.03.01"]
[Round "6"]
[White "vaknight"]
[Black "oldsj"]
[Result "1-0"]
[WhiteElo "1567"]
[BlackElo "1499"]
[Opening "Bird's opening"]
[ECO "A03"]
[Time "09:04:43"]
[TimeControl "2700+45"]

1. f4 d5 2. Nf3 c5 3. e3 Nc6 4. b3 Bg4 5. Be2 e6 6. Bb2 Nf6 7. O-O Bd6 8. d3 O-O
9. Nbd2 Re8 10. h3 Bf5 11. Nh4 Bg6 12. Nxg6 hxg6 13. Nf3 d4 14. Ng5 Nd5 15. Qe1
f6 16. exd4 fxg5 17. Bg4 Nxf4 18. g3 Nh5 19. Bxe6+ Kh8 20. d5 Bxg3 21. Qe4 Nf4
22. Rxf4 Bxf4 23. Qxg6 Be3+ 24. Kg2 Qxd5+ 25. Bxd5 Ne5 26. Qh5# {Black
checkmated} 1-0

[Event "Team 45 45 League T36"]
[Site "Internet Chess Club"]
[Date "2008.03.01"]
[Round "6"]
[White "Cataclysm"]
[Black "AlPearson"]
[Result "0-1"]
[WhiteElo "1228"]
[BlackElo "1469"]
[Opening "Alekhine's defense: modern variation, 4...Bg4"]
[ECO "B05"]
[Time "10:10:17"]
[TimeControl "2700+45"]

1. e4 Nf6 2. e5 Nd5 3. d4 d6 4. Nf3 Bg4 5. Bc4 dxe5 6. dxe5 e6 7. O-O Be7 8. Re1
O-O 9. Nbd2 Nc6 10. c3 Qd7 11. Ne4 Bxf3 12. Qxf3 Nxe5 13. Qg3 Nxc4 14. b3 Nd6
15. Bh6 g6 16. Bxf8 Rxf8 17. Nc5 Qc6 18. Nxe6 Nf5 19. Qg4 fxe6 20. Qe4 Bc5 21.
Qxe6+ Qxe6 22. Rxe6 Bxf2+ 23. Kxf2 Nd4+ {White resigns} 0-1

[Event "Team 45 45 League T36"]
[Site "Internet Chess Club"]
[Date "2008.02.29"]
[Round "6"]
[White "Zyme"]
[Black "JimGaming"]
[Result "1-0"]
[WhiteElo "1450"]
[BlackElo "1256"]
[Opening "Nimzo-Indian: classical, Milner-Barry (Zurich) variation"]
[ECO "E33"]
[Time "19:56:15"]
[TimeControl "2700+45"]

1. d4 Nf6 2. c4 e6 3. Nc3 Bb4 4. Qc2 Nc6 5. Nf3 d6 6. a3 Bxc3+ 7. Qxc3 O-O 8. e3
Qe7 9. Bd3 h6 10. O-O b6 11. Re1 Bb7 12. e4 e5 13. b4 exd4 14. Nxd4 Nxd4 15.
Qxd4 Qe5 16. Bb2 Qxd4 17. Bxd4 Rae8 18. f3 Nd7 19. Rac1 c5 20. Bf2 Ne5 21. Bf1
f5 22. exf5 Rxf5 23. Bg3 Bxf3 24. Bxe5 Rfxe5 25. Rxe5 Rxe5 26. gxf3 Re3 27. bxc5
dxc5 28. Rd1 Rxa3 29. Rd8+ Kh7 30. Bd3+ Rxd3 31. Rxd3 Kg6 32. Rd7 Kf5 33. Rxa7
Kf4 34. Kf2 Ke5 35. Rxg7 Kd4 36. Rg4+ Kc3 37. Re4 Kd3 38. h3 h5 39. h4 Kd2 40.
Re3 b5 41. cxb5 c4 42. b6 c3 43. Rxc3 {Black resigns} 1-0

[Event "Team 45 45 League T36"]
[Site "Internet Chess Club"]
[Date "2008.03.01"]
[Round "6"]
[White "Gomer"]
[Black "t-hobbes"]
[Result "1/2-1/2"]
[WhiteElo "1180"]
[BlackElo "1341"]
[Opening "Vienna game"]
[ECO "C26"]
[Time "15:06:49"]
[TimeControl "2700+45"]

1. e4 e5 2. Bc4 Nf6 3. Nc3 Bb4 4. Nf3 Nc6 5. O-O O-O 6. d3 d6 7. a3 Bc5 8. b4
Nd4 9. bxc5 Nxf3+ 10. Qxf3 Bg4 11. Qe3 c6 12. Ne2 d5 13. exd5 cxd5 14. Bb3 d4
15. Qxe5 Re8 16. Qxd4 Bxe2 17. Qxd8 Raxd8 18. Re1 Bxd3 19. Rxe8+ Rxe8 20. Bb2
Bb5 21. h3 Ne4 22. Bd4 Bc6 23. Be3 Re5 24. Rd1 h6 25. f4 Re7 26. c4 g6 27. f5
Ng3 28. Bxh6 Nxf5 29. Bg5 Re2 30. Rd2 Re1+ 31. Kf2 Ra1 32. Ra2 Rb1 33. Bc2 Rh1
34. Bxf5 gxf5 35. Kg3 Rd1 36. Rd2 Re1 37. Kf2 Re5 38. Be3 Bxg2 39. Bf4 Re4 40.
Kxg2 Rxf4 41. Rf2 Rxc4 42. Rxf5 Rc2+ 43. Kf1 Rc3 44. Rg5+ Kf8 45. h4 Rxa3 46. h5
Rf3+ 47. Kg2 Rf6 48. Kg3 a6 49. Rd5 Rc6 50. Kg4 Kg7 51. Rd7 b5 52. cxb6 Rxb6 53.
Kg5 Rb5+ 54. Kg4 a5 55. Ra7 Rb4+ 56. Kg5 Rb5+ 57. Kg4 Re5 58. Ra6 f6 59. Ra7+
Kh6 60. Ra6 Rg5+ 61. Kf4 Kxh5 62. Rxf6 a4 63. Ra6 Rg4+ 64. Ke3 Kh4 65. Kd3 Rg3+
66. Kc2 a3 67. Kb1 Kh3 68. Ka2 Kg2 69. Rxa3 Rxa3+ 70. Kxa3 {Game drawn because
neither player has mating material} 1/2-1/2

[Event "Team 45 45 League T36"]
[Site "Internet Chess Club"]
[Date "2008.03.04"]
[Round "6"]
[White "WannaB"]
[Black "tmac63"]
[Result "0-1"]
[WhiteElo "1009"]
[BlackElo "1054"]
[Opening "Sicilian: closed"]
[ECO "B23"]
[Time "19:00:18"]
[TimeControl "2700+45"]

1. e4 c5 2. Nc3 d6 3. f4 e6 4. Nf3 Nf6 5. Bb5+ Bd7 6. O-O a6 7. Bxd7+ Qxd7 8. d3
Nc6 9. e5 Ng4 10. exd6 Bxd6 11. a3 O-O 12. Ne4 Qc7 13. Nxd6 Qxd6 14. c3 Rad8 15.
h3 Nf6 16. Qc2 Qxd3 17. Qxd3 Rxd3 18. Ne5 Nxe5 19. fxe5 Ne4 20. Rf3 Rd1+ 21. Rf1
Rfd8 22. Rxd1 Rxd1+ 23. Kh2 g5 24. Ra2 Rxc1 25. a4 a5 26. Ra3 h5 27. Rb3 h4 28.
Rxb7 f5 29. Rb8+ Kg7 30. Ra8 g4 31. Ra7+ Kg6 32. Ra6 g3# {White checkmated} 0-1

[Event "Team 45 45 League T36"]
[Site "Internet Chess Club"]
[Date "2008.02.29"]
[Round "6"]
[White "malihini"]
[Black "Rhel"]
[Result "0-1"]
[WhiteElo "1278"]
[BlackElo "1496"]
[Opening "Sicilian: Alapin's variation (2.c3)"]
[ECO "B22"]
[Time "15:05:49"]
[TimeControl "2700+45"]

1. e4 c5 2. c3 Nc6 3. Nf3 g6 4. d4 cxd4 5. Nxd4 Bg7 6. Be3 Nf6 7. Bd3 O-O 8. O-O
Ne5 9. Bc2 b6 10. Qc1 d5 11. f3 dxe4 12. Nd2 exf3 13. N2xf3 Nfg4 14. Be4 Nxf3+
15. Rxf3 Rb8 16. Nc6 Qd6 17. Rh3 Nxe3 18. Rxe3 Bh6 19. Nxb8 Qxb8 20. Qe1 Bxe3+
21. Qxe3 Be6 22. Bc2 Rd8 23. a3 Rd6 24. Rf1 Qd8 25. Qf3 Bd5 26. Qf4 Rf6 27. Qd4
Rxf1+ 28. Kxf1 e5 29. Qxe5 Bc4+ 30. Kf2 Qd2+ 31. Kg3 Qxc2 32. Qe8+ Kg7 33. Qe5+
f6 34. Qc7+ Bf7 35. Qxa7 Qd3+ 36. Kf2 Qf5+ 37. Kg3 Qd3+ 38. Kf2 Qd2+ 39. Kg3
Qxb2 40. Qc7 Qb5 41. Kg4 Qc4+ 42. Qf4 h5+ 43. Kg3 Qxc3+ 44. Qf3 Qc7+ 45. Qf4 h4+
46. Kg4 Be6+ 47. Kf3 Qc3+ 48. Kf2 Qc2+ 49. Kf3 g5 50. Qe3 Bd5+ 51. Kg4 Qxg2+ 52.
Kf5 Qc2+ 53. Kg4 Qc4+ {White resigns} 0-1

[Event "Team 45 45 League T36"]
[Site "Internet Chess Club"]
[Date "2008.03.01"]
[Round "6"]
[White "CLEAN"]
[Black "Riddari"]
[Result "1-0"]
[WhiteElo "1308"]
[BlackElo "1338"]
[Opening "Réti opening"]
[ECO "A04"]
[Time "14:58:41"]
[TimeControl "2700+45"]

1. Nf3 c5 2. e3 Nf6 3. Nc3 d6 4. Bc4 Nc6 5. O-O e6 6. b3 Be7 7. Bb2 a6 8. d4 d5
9. Bd3 cxd4 10. exd4 b5 11. Ne5 Qc7 12. a4 b4 13. Ne2 Nxe5 14. dxe5 Qxe5 {Black
resigns} 1-0

[Event "Team 45 45 League T36"]
[Site "Internet Chess Club"]
[Date "2008.02.29"]
[Round "6"]
[White "otib2006"]
[Black "supraholic"]
[Result "0-1"]
[WhiteElo "1260"]
[BlackElo "1293"]
[Opening "Ruy Lopez: old Steinitz defense"]
[ECO "C62"]
[Time "13:16:06"]
[TimeControl "2700+45"]

1. e4 e5 2. Nf3 Nc6 3. Bb5 d6 4. h3 Nf6 5. O-O Nxe4 6. Bxc6+ bxc6 7. d4 exd4 8.
Re1 d5 9. Nxd4 Qf6 10. f3 Bc5 11. c3 Bf5 12. fxe4 Bxe4 13. Rf1 Qg6 14. Rf2 Bxb1
15. Qg4 Qxg4 16. hxg4 Be4 17. Be3 Bxd4 18. Bxd4 O-O 19. Raf1 Bg6 20. b4 a5 21.
g5 axb4 22. cxb4 Ra4 23. Rb2 Re8 24. Rc1 Re4 25. Bc5 Rg4 26. Re2 Be4 27. Be7 d4
28. Rc4 Bd3 29. Rxc6 Bxe2 30. Rxc7 h6 31. Rc8+ Kh7 32. gxh6 Kxh6 33. Rh8+ Kg6
34. Kf2 Rxa2 35. g3 d3 36. Ke3 Rxg3+ 37. Kf2 Rf3+ 38. Kg2 d2 39. Rh4 d1=Q 40.
Rg4+ Kh7 41. Rh4+ Kg8 42. Rg4 Qf1+ 43. Kh2 Qh3+ {White resigns} 0-1

[Event "Team 45 45 League T36"]
[Site "Internet Chess Club"]
[Date "2008.03.01"]
[Round "6"]
[White "CoasterBrake"]
[Black "gilalva"]
[Result "1-0"]
[WhiteElo "1131"]
[BlackElo "1093"]
[Opening "English opening"]
[ECO "A16"]
[Time "13:02:04"]
[TimeControl "2700+45"]

1. c4 Nf6 2. Nc3 g6 3. g3 Bg7 4. Bg2 O-O 5. Nf3 Re8 6. d4 d6 7. O-O e5 8. dxe5
Ng4 9. Bg5 f6 10. exf6 Bxf6 11. Bxf6 Nxf6 12. Re1 c6 13. e4 Bg4 14. Qd2 Bxf3 15.
Bxf3 d5 16. exd5 Rxe1+ 17. Qxe1 Na6 18. Rd1 Qb6 19. Qe6+ Kg7 20. Qe7+ Kh6 21.
Qxf6 Qxb2 22. g4 Rf8 23. g5# {Black checkmated} 1-0

[Event "Team 45 45 League T36"]
[Site "Internet Chess Club"]
[Date "2008.02.28"]
[Round "6"]
[White "Terte"]
[Black "Speedy-Reedy"]
[Result "0-1"]
[WhiteElo "2138"]
[BlackElo "1976"]
[Opening "King's pawn opening"]
[ECO "B07"]
[Time "14:12:53"]
[TimeControl "2700+45"]

1. e4 d6 2. d4 g6 3. Nf3 Bg7 4. Be3 Nf6 5. Nc3 c6 6. h3 O-O 7. Bd3 Nbd7 8. O-O
e5 9. Qd2 Re8 10. Rad1 Qc7 11. a4 b6 12. dxe5 Nxe5 13. Nxe5 dxe5 14. Bc4 Be6 15.
Qe2 Qe7 16. Bxe6 Qxe6 17. Qa6 Qe7 18. a5 Qb4 19. axb6 axb6 20. Qd3 b5 21. Bb6
Qxb2 22. Rb1 Qa3 23. Rb3 Qe7 24. Qe3 Nd7 25. Rd1 Rec8 26. Ne2 Ra6 27. Rxd7 Qxd7
28. Rd3 Qb7 29. Bc5 Ra1+ 30. Kh2 Raa8 31. Nc1 Rd8 32. Qg5 Rxd3 33. Nxd3 h6 34.
Qh4 Qd7 35. Be3 g5 36. Qg3 Qe7 37. h4 gxh4 38. Qg4 Qf6 39. f4 Qg6 40. Qxh4 Qxe4
41. Qg3 Ra3 42. fxe5 Rxd3 43. cxd3 Qxe5 44. Bf4 Qh5+ 45. Kg1 Qg6 46. Qe3 Qf6 47.
Qe8+ Kh7 48. Qe4+ Qg6 49. Qe3 Qe6 50. Qd2 Bd4+ 51. Kf1 c5 52. g3 b4 53. Qh2 b3
{White resigns} 0-1

[Event "Team 45 45 League T36"]
[Site "Internet Chess Club"]
[Date "2008.02.27"]
[Round "6"]
[White "Miles295"]
[Black "BadHabitMarco"]
[Result "0-1"]
[WhiteElo "2084"]
[BlackElo "2046"]
[Opening "Sicilian: Canal-Sokolsky attack, 3...Bd7"]
[ECO "B52"]
[Time "13:07:01"]
[TimeControl "2700+45"]

1. e4 c5 2. Nf3 d6 3. Bb5+ Bd7 4. Bxd7+ Qxd7 5. O-O Nf6 6. e5 dxe5 7. Nxe5 Qc8
8. d4 e6 9. Re1 cxd4 10. Qxd4 Nc6 11. Qa4 Bd6 12. Bf4 Bxe5 13. Bxe5 Qd7 14. Bc3
Qd5 15. Na3 O-O 16. Rad1 Qf5 17. Rd3 Rfd8 18. Rf3 Qh5 19. Bxf6 gxf6 20. Qf4 f5
21. c3 Ne7 22. Nc4 Ng6 23. Qe3 f4 24. Qe4 Rd5 25. Rd3 Rad8 26. Rxd5 Rxd5 27. f3
Rg5 28. Re2 Nh4 29. Nd6 Nxf3+ 30. Kf2 Nxh2 31. Qxf4 Rxg2+ 32. Kxg2 Qxe2+ 33. Kh1
Qf1+ 34. Qxf1 Nxf1 35. Nxb7 Kf8 36. Nd6 Ne3 37. b4 Nd5 38. Nb5 a6 39. Nd4 Nxc3
40. a3 Nb5 41. Nc6 Nxa3 42. Nb8 Ke7 43. Nxa6 Kd6 44. Kg2 Kc6 45. Nc5 Nc2 46. Ne4
h6 47. b5+ Kb6 48. Nd6 f6 49. Ne8 Ne3+ 50. Kf3 Nd5 51. Nd6 Kc5 52. Nf7 Nc7 53.
Nxh6 Nxb5 54. Ng8 f5 55. Kf4 Kd6 56. Nh6 Nd4 57. Nf7+ Kd5 58. Ke3 e5 59. Ng5 f4+
60. Kd3 Ne6 61. Nh3 e4+ 62. Kd2 Kd4 63. Ng1 f3 64. Ke1 Ke3 65. Nh3 {White
resigns} 0-1

[Event "Team 45 45 League T36"]
[Site "Internet Chess Club"]
[Date "2008.03.02"]
[Round "6"]
[White "dalfonso"]
[Black "Flying-Tiger"]
[Result "0-1"]
[WhiteElo "1843"]
[BlackElo "2034"]
[Opening "Sicilian: accelerated fianchetto, modern variation"]
[ECO "B34"]
[Time "09:06:10"]
[TimeControl "2700+45"]

1. e4 c5 2. Nf3 g6 3. d4 cxd4 4. Nxd4 Nc6 5. Nc3 Bg7 6. Nb3 Nf6 7. Be2 O-O 8.
O-O d6 9. Re1 Be6 10. Bf1 a6 11. Bg5 h6 12. Bh4 Qc7 13. Nd5 Bxd5 14. exd5 Ne5
15. c3 b5 16. a4 Nc4 17. axb5 axb5 18. Nd4 Nxd5 19. Nxb5 Qc5 20. Qb3 Nd2 {White
resigns} 0-1

[Event "Team 45 45 League T36"]
[Site "Internet Chess Club"]
[Date "2008.03.02"]
[Round "6"]
[White "LennyH"]
[Black "Karpyan"]
[Result "1/2-1/2"]
[WhiteElo "1896"]
[BlackElo "1852"]
[Opening "French: advance, Paulsen attack"]
[ECO "C02"]
[Time "13:05:39"]
[TimeControl "2700+45"]

1. e4 e6 2. d4 d5 3. e5 c5 4. c3 Nc6 5. Nf3 Qb6 6. a3 cxd4 7. cxd4 Nh6 8. Bd3
Be7 9. O-O Nf5 10. Bxf5 exf5 11. Nc3 Be6 12. Qd3 O-O 13. b4 Qc7 14. Bg5 Bxg5 15.
Nxg5 a6 16. f4 Rfc8 17. Rac1 Qd7 18. Na4 Nxe5 19. Qh3 h6 20. Nc5 Rxc5 21. bxc5
hxg5 22. fxe5 f4 23. Qb3 Rc8 24. Rb1 Rc7 25. Qb6 Bf5 26. Rb2 Be4 27. Qd6 Qc8 28.
Qb6 Qd7 29. Qb4 Qg4 30. Qd2 f3 31. g3 Qf5 32. Qe3 g4 33. Rb6 Bd3 34. Rf2 Be2 35.
Rb2 Bd3 36. Qf4 Qh5 37. e6 Re7 38. exf7+ Qxf7 39. Qxf7+ Kxf7 40. h4 Ke8 41. Rh2
Bc4 42. Kf2 Kd8 43. Rh1 Kc8 44. Re1 Be2 45. Reb1 Bd3 46. Re1 Be2 47. Rbxe2 fxe2
48. Rxe2 Rf7+ 49. Kg2 Kd7 50. Re5 Kc6 51. Re6+ Kb5 52. Rg6 Ka4 53. Rxg4 Kxa3 54.
Rg5 Rd7 55. Kf3 Kb3 56. Rg6 a5 57. Rd6 Rf7+ 58. Ke2 a4 59. Rb6+ Ka2 60. Rb5 a3
61. Rb6 Ka1 62. Rb5 Re7+ 63. Kd2 Rf7 64. Ke2 Re7+ 65. Kd2 {Game drawn by mutual
agreement} 1/2-1/2

[Event "Team 45 45 League T36"]
[Site "Internet Chess Club"]
[Date "2008.03.02"]
[Round "6"]
[White "merecat"]
[Black "ADIOKiddo4Ever"]
[Result "0-1"]
[WhiteElo "1295"]
[BlackElo "1578"]
[Opening "King's Indian, 3.Nf3"]
[ECO "E90"]
[Time "20:19:49"]
[TimeControl "2700+45"]

1. d4 Nf6 2. c4 g6 3. Nf3 Bg7 4. Nc3 O-O 5. e4 d6 6. Bd3 e5 7. dxe5 dxe5 8. Nd5
Nh5 9. Qc2 c6 10. Nc3 Nf4 11. Bxf4 exf4 12. O-O-O Na6 13. Be2 Qb6 14. Rhf1 Nc5
15. b3 a5 16. Na4 Nxa4 17. bxa4 Qc5 18. Qb3 Ra6 19. e5 Bf5 20. Qc3 Rb6 21. Bd3
Bg4 22. Rde1 Bxf3 23. gxf3 Re8 24. Re4 Bxe5 25. Rxe5 Rxe5 26. Be4 Rb4 27. Bd3
Rxa4 28. Rd1 Rxa2 29. Qb3 Ra1+ 30. Bb1 Ra3 31. Qxb7 Qxc4+ 32. Bc2 Ra1+ {White
resigns} 0-1

[Event "Team 45 45 League T36"]
[Site "Internet Chess Club"]
[Date "2008.03.03"]
[Round "6"]
[White "rkrush"]
[Black "reverendjim"]
[Result "1-0"]
[WhiteElo "1201"]
[BlackElo "1218"]
[Opening "Caro-Kann defense"]
[ECO "B10"]
[Time "21:02:50"]
[TimeControl "2700+45"]

1. e4 c6 2. Nf3 d5 3. Bd3 dxe4 4. Bxe4 Nf6 5. Nc3 Nxe4 6. Nxe4 e6 7. a3 Nd7 8.
d3 Nf6 9. Bg5 Be7 10. O-O O-O 11. Re1 h6 12. Bh4 Nd5 13. Bxe7 Qxe7 14. c3 Bd7
15. d4 Rac8 16. Ne5 Rc7 17. Qb3 Nf6 18. Nc5 Rb8 19. Re3 Nd5 20. Rf3 Be8 21. Na6
bxa6 22. Qxb8 Rb7 23. Nxc6 Rxb8 24. Nxe7+ Nxe7 25. b4 Bc6 26. Re3 Nd5 27. Re5
Nxc3 28. Rc1 Nd5 29. Rxc6 {Black resigns} 1-0

[Event "Team 45 45 League T36"]
[Site "Internet Chess Club"]
[Date "2008.03.01"]
[Round "6"]
[White "houseofcook"]
[Black "Conjurer"]
[Result "1-0"]
[WhiteElo "1421"]
[BlackElo "1284"]
[Opening "Sicilian: Smith-Morra gambit"]
[ECO "B21"]
[Time "14:04:17"]
[TimeControl "2700+45"]

1. e4 c5 2. d4 cxd4 3. c3 dxc3 4. Nxc3 Nc6 5. Nf3 d6 6. Bc4 g6 7. O-O Bg7 8. Qe2
a6 9. Rd1 e5 10. Ng5 Nh6 11. h3 O-O 12. Nf3 b5 13. Bb3 Bb7 14. Bg5 Qd7 15. a3
Nd4 16. Nxd4 exd4 17. Nd5 Rab8 18. Bxh6 Bxh6 19. Nf6+ {Black resigns} 1-0

[Event "Team 45 45 League T36"]
[Site "Internet Chess Club"]
[Date "2008.03.02"]
[Round "6"]
[White "Traho"]
[Black "Rubacchus"]
[Result "0-1"]
[WhiteElo "1366"]
[BlackElo "1374"]
[Opening "Réti: King's Indian attack (Barcza system)"]
[ECO "A07"]
[Time "09:09:47"]
[TimeControl "2700+45"]

1. Nf3 d5 2. g3 Bf5 3. Bg2 e6 4. O-O h6 5. d3 Nf6 6. b3 Bd6 7. Bb2 Nbd7 8. Nbd2
c5 9. Re1 O-O 10. Nh4 Bh7 11. e4 Rb8 12. e5 g5 13. Nhf3 Be7 14. exf6 Nxf6 15.
Ne5 d4 16. Ne4 Qc7 17. Nxf6+ Bxf6 18. Nc4 b5 19. Nd2 Be7 20. Bf1 Rb6 21. a4 a6
22. axb5 axb5 23. c4 b4 24. Nf3 Bd6 25. Qe2 Re8 26. Nxd4 cxd4 27. Bxd4 Bc5 28.
Bxc5 Qxc5 29. Qe3 Qxe3 30. Rxe3 Rd8 31. Ra4 Kg7 32. Ra7 Kg6 33. Be2 h5 34. h4 g4
35. f4 gxf3 36. Bxf3 Kf6 37. Bxh5 Bg6 38. Bxg6 Kxg6 39. h5+ Kxh5 40. Rxf7 Kg6
41. Rff3 Rbd6 42. Kf2 Rh8 43. Kg2 Rh5 44. g4 Rg5 45. Kg3 e5 46. Re4 Rf6 47.
Rxf6+ Kxf6 48. c5 Rg7 49. Rxb4 Rd7 50. Rb6+ Ke7 51. Rd6 Rb7 52. Rb6 Rd7 53. c6
Rxd3+ 54. Kf2 Rc3 55. Rb7+ Kf6 56. Rb6 Kg5 57. Rb7 Rxc6 58. Rb5 Kf4 59. Rb4+ e4
60. Rc4 Rd6 61. Ke2 Rg6 62. b4 Rxg4 63. b5 Rg2+ 64. Kd1 Rb2 65. Rc5 e3 66. Ke1
Ke4 67. Rc4+ Kd3 68. Rc1 Rh2 69. Rd1+ Ke4 70. b6 Kf3 {White forfeits on time}
0-1

[Event "Team 45 45 League T36"]
[Site "Internet Chess Club"]
[Date "2008.03.02"]
[Round "6"]
[White "rshea11"]
[Black "wekabird"]
[Result "1-0"]
[WhiteElo "1339"]
[BlackElo "1165"]
[Opening "QGD Slav: 3.Nf3"]
[ECO "D11"]
[Time "18:58:10"]
[TimeControl "2700+45"]

1. d4 d5 2. c4 c6 3. Nf3 h6 4. Bf4 Nd7 5. e3 Ngf6 6. Nc3 e6 7. Bd3 Be7 8. O-O
O-O 9. Rc1 c5 10. cxd5 Nxd5 11. Nxd5 exd5 12. Re1 c4 13. Bb1 Nf6 14. b3 b5 15.
Qc2 Bg4 16. Be5 g6 17. Nh4 Ne4 18. Nxg6 fxg6 19. f3 Bf5 20. g4 Be6 21. fxe4 Bxg4
22. exd5 Bf5 23. Qg2 Kh7 24. Bxf5 Rxf5 25. Rf1 Rg5 26. Rf7+ Kg8 27. Rg7+ Kf8 28.
Rf1+ Ke8 29. Rg8+ Kd7 30. Rxd8+ Rxd8 31. Bg3 Bd6 32. Qh3+ Kc7 33. Rf7+ Kb6 34.
Rf6 Ka5 35. Kf1 Bxg3 36. hxg3 Rh5 37. Qg2 Rf5+ 38. Rxf5 gxf5 39. Qh3 Rxd5 40.
Qxh6 b4 41. bxc4 Rd8 42. Qf6 Ka4 43. Qxd8 {Black resigns} 1-0

[Event "Team 45 45 League T36"]
[Site "Internet Chess Club"]
[Date "2008.03.02"]
[Round "6"]
[White "WilmaP"]
[Black "conron"]
[Result "0-1"]
[WhiteElo "1171"]
[BlackElo "1303"]
[Opening "Ruy Lopez: closed"]
[ECO "C90"]
[Time "11:58:23"]
[TimeControl "2700+45"]

1. e4 e5 2. Nf3 Nc6 3. Bb5 a6 4. Ba4 Nf6 5. O-O Be7 6. Re1 b5 7. Bb3 d6 8. a3
Bg4 9. h3 Bh5 10. c3 Na5 11. Bc2 c5 12. d4 cxd4 13. Qd3 dxc3 14. Nxc3 Nc6 15. a4
Nb4 16. Qd1 Nxc2 17. Qxc2 bxa4 18. Qxa4+ Qd7 19. Qd1 O-O 20. Nd5 Nxd5 21. exd5
f5 22. Qb3 Qb5 23. Qa3 Qxd5 24. Bg5 Bxg5 25. Nxg5 e4 26. f3 exf3 27. Nxf3 Bxf3
28. gxf3 Qc5+ 29. Qxc5 dxc5 30. Re5 c4 31. Rc1 Rac8 32. Re7 Rf7 33. Re6 a5 34.
Ra6 Rc5 35. Kf2 Rd7 36. Ra8+ Kf7 37. Kg3 Rd2 38. Ra7+ Kg6 39. b3 c3 40. Ra6+ Kh5
41. Ra8 c2 42. b4 axb4 43. Kf4 Rd1 44. Raa1 Rxc1 45. Rxc1 b3 46. Ke3 b2 47. Kd2
b1=Q {White resigns} 0-1